 Dungeon Crawl Stone Soup version 0.21-a0-404-g291f19a (webtiles) character file.

5877 hairmachine the Grappler (level 10, -6/88 HPs)
             Began as a Ghoul Berserker on Oct 19, 2017.
             Was an Elder of Trog.
             Splashed by Maurice's acid (10 damage)
             ... on level 8 of the Dungeon on Oct 28, 2017.
             The game lasted 00:29:28 (7906 turns).

hairmachine the Grappler (Ghoul Berserker)          Turns: 7906, Time: 00:29:32

Health: -6/88      AC:  0    Str: 23    XL:     10   Next: 81%
Magic:  9/9        EV:  5    Int:  4    God:    Trog [****..]
Gold:   290        SH:  9    Dex: 11    Spells: 9/9 levels left

rFire    . . .     SeeInvis .     - Unarmed
rCold    + . .     Gourm    .   d - +0 shield
rNeg     + + +     Faith    .   t - +0 plate armour
rPois    ∞         Spirit   .   (no helmet)
rElec    .         Reflect  .   (no cloak)
rCorr    .         Harm     .   (no gloves)
MR       .....                  (no boots)
Stlth    ..........             (no amulet)
HPRegen  0.00/turn              a - +3 ring of dexterity
MPRegen  0.11/turn              n - ring of stealth

@: about to teleport, corroded, rotting
A: rotting body, claws 1, carnivore 3, cold resistance 1, negative energy
resistance 3, inhibited regeneration, torment resistance, unbreathing
a: Trog's Hand, Brothers in Arms, Burn Spellbooks, Renounce Religion


You were on level 8 of the Dungeon.
You worshipped Trog.
Trog was greatly pleased with you.
You were not hungry.

You visited 1 branch of the dungeon, and saw 8 of its levels.

You collected 290 gold pieces.

Inventory:

Hand Weapons
 w - a +0 hunting sling of velocity
 D - a +4 scimitar of flaming
Missiles
 u - 6 curare-tipped needles
 A - 5 poisoned tomahawks (quivered)
Armour
 d - a +0 shield (worn)
 g - a +0 pair of gloves
 t - a +0 plate armour (worn)
Jewellery
 a - a +3 ring of dexterity (left claw)
 n - a ring of stealth (right claw)
Wands
 s - a wand of polymorph (14/24)
 x - a wand of flame (2/48)
Scrolls
 h - 3 scrolls of identify
 i - 2 scrolls of teleportation
 k - a scroll of vulnerability {unknown}
 l - 2 scrolls of recharging {unknown}
 o - 2 scrolls of immolation {unknown}
 p - 5 scrolls of remove curse
 r - a scroll of fear {unknown}
 v - a scroll of noise {unknown}
 z - a scroll of enchant weapon {unknown}
 C - a scroll of magic mapping {unknown}
Potions
 c - a potion of heal wounds
 e - 2 potions of might
 j - a potion of agility {unknown}
 m - 2 potions of brilliance {unknown}
 q - 3 potions of curing
Comestibles
 b - 4 meat rations
 f - 5 royal jellies
 B - 11 chunks of flesh


   Skills:
 + Level 8.2 Fighting
 + Level 0.6 Long Blades
 - Level 6.3 Armour
 - Level 1.7 Dodging
 + Level 3.9 Shields
 * Level 12.9 Unarmed Combat
 - Level 0.2 Spellcasting


You had 9 spell levels left.
You didn't know any spells.

Dungeon Overview and Level Annotations

Branches:
Dungeon (8/15)             Temple (0/1) D:4            Lair (0/6) D:8

Altars:
Ashenzari
Cheibriados
Fedhas
Gozag
Uskayaw
Wu Jian
Xom
Yredelemnul
Zin
The Shining One

Annotations:
D:3 Gorice's ghost, amateur DsWn
D:4 exclusion: downstairs
D:5 Sigmund
D:6 exclusion: 2 doors
D:8 Maurice


Innate Abilities, Weirdness & Mutations

Your body is rotting away.
You thrive on raw meat.
You are immune to poison.
You have sharp fingernails.
You are carnivorous and can eat meat at any time.
Your flesh is cold resistant. (rC+)
You are immune to negative energy. (rN+++)
You do not regenerate when monsters are visible.
You are immune to unholy pain and torment.
You can survive without breathing.


Message History

* * * LOW HITPOINT WARNING * * *
You feel much better. Something hits you.
Something steals your book of Misfortune!
You claw something!
You hear a zap.
A bolt of acid appears from out of thin air!
The bolt of acid hits you!
* * * LOW HITPOINT WARNING * * *
You are splashed with acid!
The acid burns!
* * * LOW HITPOINT WARNING * * *
You feel much better. Something hits you but does no damage.
Okay, then.
As you read the scroll of teleportation, it crumbles to dust.
You feel strangely unstable.
You hear a zap.
A bolt of acid appears from out of thin air!
The bolt of acid hits you!
* * * LOW HITPOINT WARNING * * *
The acid corrodes you!
You are splashed with acid!
The acid burns!
You die...

######### #.......#
##.......# #........#
#........#######
#........##.....
######....########.##
#>..@'...........#... ####
##.####....####.#..### .....
#.....###### #.#...##
......##.....## ######.#...##
.{.....(...................##
...........###########.#.#.##
...........# ...#.#.....
............. ............
##.........#.# ..#.#.#.#...


There were no monsters in sight!

Vanquished Creatures
  Erica (D:8)
  An elephant (D:8)
  The ghost of Rhok the Ruffian, a novice MiSu (D:5)
  A hippogriff (D:8)
  A basilisk (D:8)
  A hungry ghost (D:8)
  Menkaure (D:6)
  Edmund (D:4)
  3 orc warriors
  4 phantoms
  3 sky beasts
  A black bear (D:8)
  3 ice beasts
  4 ogres
  4 centaurs
  A crocodile (D:8)
  3 bullfrogs (D:6)
  Blork the orc (D:5)
  A water moccasin zombie (D:5)
  2 scorpions
  4 wights (D:6)
  3 howler monkeys (D:7)
  3 crimson imps
  A centaur zombie (D:6)
  5 hounds
  3 jellies
  4 orc priests
  2 bullfrog skeletons
  4 iguanas
  6 orc wizards
  9 worker ants
  A hound zombie (D:5)
  4 gnolls (D:4)
  Robin (D:4)
  2 adders
  2 shadow imps
  3 oozes
  An adder zombie (D:5)
  An adder skeleton (D:6)
  2 worms (D:3)
  A dart slug (D:1)
  2 leopard geckos
  13 orcs
  6 bats
  4 giant cockroaches
  9 hobgoblins
  7 jackals
  4 kobolds
  3 quokkas
  A ball python (D:3)
  4 frilled lizards
  8 goblins
  A quokka skeleton (D:5)
  8 rats
170 creatures vanquished.

Notes
Turn   | Place    | Note
-------+----------+-------------------------------------------
     0 | D:1      | hairmachine the Ghoul Berserker began the quest for the Orb.
     0 | D:1      | Reached XP level 1. HP: 19/19 MP: 0/0
   123 | D:1      | Upgraded the game from 0.21-a0-396-ga924934 to 0.21-a0-404-g291f19a
   280 | D:1      | Found a shimmering altar of Xom.
   564 | D:1      | Reached XP level 2. HP: 24/25 MP: 1/1
   771 | D:1      | Reached skill level 4 in Unarmed Combat
  1265 | D:2      | Found a blossoming altar of Fedhas.
  1374 | D:2      | Found a glowing silver altar of Zin.
  1513 | D:2      | Reached XP level 3. HP: 31/31 MP: 2/2
  1699 | D:3      | Noticed Gorice's ghost (amateur DsWn)
  1711 | D:3      | Reached skill level 5 in Unarmed Combat
  1711 | D:3      | Reached XP level 4. HP: 31/38 MP: 3/3
  1947 | D:3      | Reached ** piety under Trog
  2837 | D:4      | Found a staircase to the Ecumenical Temple.
  2862 | D:4      | Noticed Robin
  2876 | D:4      | Killed Robin
  2876 | D:4      | Reached skill level 6 in Unarmed Combat
  3004 | D:4      | Noticed Edmund
  3045 | D:4      | Killed Edmund
  3045 | D:4      | Reached skill level 7 in Unarmed Combat
  3045 | D:4      | Reached XP level 5. HP: 26/44 MP: 4/4
  3045 | D:4      | Reached XP level 6. HP: 30/50 MP: 5/5
  3236 | D:4      | Noticed a phantom
  3464 | D:4      | Killed a phantom
  3464 | D:4      | Reached skill level 8 in Unarmed Combat
  3588 | D:4      | Found a snail-covered altar of Cheibriados.
  3725 | D:4      | Reached XP level 7. HP: 51/56 MP: 6/6
  3898 | D:5      | Entered Level 5 of the Dungeon
  3989 | D:5      | Noticed Rhok's ghost (novice MiSu)
  4024 | D:5      | Killed Rhok's ghost
  4024 | D:5      | Reached skill level 9 in Unarmed Combat
  4024 | D:5      | Reached XP level 8. HP: 57/67 MP: 7/7
  4157 | D:5      | Noticed Blork the orc
  4188 | D:5      | Killed Blork the orc
  4291 | D:5      | Reached skill level 5 in Fighting
  4405 | D:5      | Reached skill level 10 in Unarmed Combat
  4493 | D:5      | Reached *** piety under Trog
  4616 | D:5      | Found a glowing golden altar of the Shining One.
  4692 | D:5      | Noticed Sigmund
  4908 | D:6      | Reached XP level 9. HP: 20/75 MP: 8/8
  5244 | D:6      | Noticed a hand axe
  5244 | D:6      | Noticed a hand axe
  5245 | D:6      | Found a hide-covered altar of Uskayaw.
  5460 | D:6      | Reached skill level 11 in Unarmed Combat
  5505 | D:6      | Found an opulent altar of Gozag.
  5516 | D:6      | Noticed Menkaure
  5538 | D:6      | Killed Menkaure
  5683 | D:6      | Reached skill level 5 in Armour
  5706 | D:6      | Reached skill level 1 in Shields
  6396 | D:7      | Reached **** piety under Trog
  6540 | D:7      | Reached XP level 10. HP: 82/86 MP: 9/9
  6768 | D:7      | Reached skill level 12 in Unarmed Combat
  7176 | D:7      | Found an ornate altar of the Wu Jian Council.
  7176 | D:7      | Found a faded altar of an unknown god.
  7181 | D:7      | Found a shattered altar of Ashenzari.
  7183 | D:7      | Found a basalt altar of Yredelemnul.
  7184 | D:7      | Found a faded altar of an unknown god.
  7561 | D:8      | Found a staircase to the Lair.
  7561 | D:8      | Noticed an elephant
  7597 | D:8      | Killed an elephant
  7675 | D:8      | Noticed Erica
  7686 | D:8      | Killed Erica
  7883 | D:8      | Noticed Maurice
  7906 | D:8      | HP: 4/88 [something/wand of acid (?/15) (23)]
  7906 | D:8      | Splashed by Maurice's acid

Vault maps used:
D:1:      mrwooster_arrival_statue_2, xom_teletrap_fun
D:2:      minmay_wonky_spiral, lemuel_crystal_altar, lemuel_crystal_altar,
          hangedman_glass_teeth, uniq_terence
D:4:      nicolae_overflow_hidden_temple, temple_statues, uniq_edmund,
          uniq_robin
D:5:      tso_metal_star, nicolae_ru_great_annihilating_truth, first_bread,
          uniq_sigmund, uniq_blork_the_orc
D:6:      cheibrodos_two_vegetables, kennysheep_mini_moat,
          dancing_weapons_uskayaw, uniq_menkaure
D:7:      chequers_temple_overflow_minitemple
D:8:      lemuel_crystal_altar, david_lair_generic, uniq_erica, uniq_maurice,
          uniq_pikel

Skill      XL: |  1  2  3  4  5  6  7  8  9 10 |
---------------+-------------------------------+-----
Unarmed Combat | 4 5 7 8 9 10 11 12 | 12.9
Armour         | 3 4 5 6 |  6.3
Fighting       | 4 5 7 8 |  8.2
Shields        | 2 3 |  3.9
Long Blades    | |  0.6
Dodging        | |  1.7
Spellcasting   | |  0.2

Action                   |  1- 3 |  4- 6 |  7- 9 | 10-12 || total
-------------------------+-------+-------+-------+-------++-------
Melee: Unarmed           |    89 |   123 |   303 |   149 ||   664
       Punch             |     1 |     2 |     3 |       ||     6
Invok: Burn Spellbooks   |       |     1 |     1 |       ||     2
       Trog's Hand       |       |     1 |       |       ||     1
Evoke: Wand              |       |       |     1 |     2 ||     3
  Use: Scroll            |       |     2 |     4 |     1 ||     7
       Potion            |       |       |     1 |     3 ||     4
  Eat: Chunk             |    11 |    13 |    27 |    13 ||    64
Armor: Chain mail        |    41 |    60 |    80 |       ||   181
       Animal skin       |     2 |       |       |       ||     2
       Plate armour      |       |       |    42 |    58 ||   100
Dodge: Dodged            |    36 |    46 |    81 |    30 ||   193
Block: Shield            |       |       |    21 |    51 ||    72

Table legend:
 A = Spawn XP
 B = Non-spawn XP
 C = Spawn XP percentage of total XP
 D = Spawn monster count
 E = Non-spawn monster count
 F = Spawn count percentage of total count
 G = Total turns spent on level
                    A         B        C        D         E        F      G
               +---------+---------+-------+---------+---------+-------+---------
         Total |       0 |    8397 |   0.0 |       0 |     170 |   0.0 |  7906
               +---------+---------+-------+---------+---------+-------+---------
           D:1 |       0 |      22 |   0.0 |       0 |      13 |   0.0 |  1209
           D:2 |       0 |      15 |   0.0 |       0 |      11 |   0.0 |   807
           D:3 |       0 |      95 |   0.0 |       0 |      18 |   0.0 |   791
           D:4 |       0 |     648 |   0.0 |       0 |      19 |   0.0 |  1301
           D:5 |       0 |    1311 |   0.0 |       0 |      22 |   0.0 |  1062
           D:6 |       0 |    1982 |   0.0 |       0 |      33 |   0.0 |  1083
           D:7 |       0 |    1442 |   0.0 |       0 |      32 |   0.0 |  1124
           D:8 |       0 |    2882 |   0.0 |       0 |      22 |   0.0 |   529
               +---------+---------+-------+---------+---------+-------+---------
